 Dungeon Crawl Stone Soup version 0.25.0-26-g0c896c7088 (webtiles) character file.

Game seed: 16973054538946789398

90914 MisterFreud the Blocker (level 15, -1/115 HPs)
             Began as a Demonspawn Ice Elementalist on July 5, 2020.
             Was a Follower of Uskayaw.
             Hit by a silver javelin thrown by a minotaur (13 damage)
             ... on level 14 of the Dungeon.
             The game lasted 00:57:54 (24104 turns).

MisterFreud the Blocker (DsIE)                     Turns: 24104, Time: 00:57:59

Health: -1/115     AC:  7    Str: 13    XL:     15   Next: 53%
Magic:  0/27       EV: 16    Int: 21    God:    Uskayaw [*.....]
Gold:   1388       SH: 26    Dex: 16    Spells: 26/30 levels left

rFire    x . .     SeeInvis .     - Unarmed
rCold    + + .     Gourm    .   B - +0 kite shield
rNeg     . . .     Faith    .   P - +1 robe of the Sea {rElec Regen+} (curse)
rPois    .         Spirit   +   a - +0 helmet
rElec    +         Reflect  +   M - +0 cloak
rCorr    .         Harm     .   H - +1 pair of gloves {Dex+3}
MR       +....     Clarity  +   (no boots)
Stlth    ++........             X - amulet "Sidinufuyl" {Reflect rElec Int+2 SH+5}
HPRegen  0.69/turn              s - ring of ice
MPRegen  0.40/turn              A - ring of protection from cold

@: no status effects
A: claws 2, large bone plates 3, clarity, demonic guardian 1, magic shield,
magic regeneration, magic link
a: Stomp, Renounce Religion


You were on level 14 of the Dungeon.
You worshipped Uskayaw.
Uskayaw was aware of your devotion.
You were not hungry.

You visited 2 branches of the dungeon, and saw 20 of its levels.
You also visited: Ice Cave.

You collected 1467 gold pieces.
You spent 79 gold pieces at shops.

Inventory:

Missiles
 o - 15 boomerangs (quivered)
 E - 5 javelins
 N - 7 curare-tipped darts
Armour
 a - a +0 helmet (worn)
 u - the +2 ring mail of Day {MR+ Int+4}
   (You found it in an ice cave)

   It affects your intelligence (+4).
   It affects your resistance to hostile enchantments.
 B - a +0 kite shield (worn)
 H - a +1 pair of gloves of dexterity (worn)
 M - a +0 cloak (worn)
 P - the cursed +1 robe of the Sea (worn) {rElec Regen+}
   (You found it on level 11 of the Dungeon)

   It insulates you from electricity.
   It increases your rate of regeneration.
   It has a curse placed upon it.
Jewellery
 b - an uncursed ring of positive energy
 h - an uncursed ring of protection from fire
 s - a ring of ice (left hand)
 A - a ring of protection from cold (right hand)
 L - an uncursed ring of ice
 W - an uncursed ring of magical power
 X - the amulet "Sidinufuyl" (around neck) {Reflect rElec Int+2 SH+5}
   (You found it on level 3 of the Lair of Beasts)

   [amulet of reflection]

   It shields you and reflects attacks.
   It affects your intelligence (+2).
   It insulates you from electricity.
   It affects your SH (+5).
Wands
 n - a wand of polymorph (23)
 D - a wand of disintegration (19)
 J - a wand of acid (35)
 S - a wand of digging (3)
 T - a wand of flame (11)
 Z - a wand of iceblast (16)
Scrolls
 g - 19 scrolls of remove curse
 j - a scroll of random uselessness {unknown}
 k - a scroll of fog {unknown}
 p - 7 scrolls of teleportation
 q - 4 scrolls of amnesia
 t - a scroll of enchant armour {unknown}
 y - 3 scrolls of immolation
 G - 5 scrolls of fear
 K - a scroll of vulnerability {unknown}
 O - 2 scrolls of blinking {unknown}
 Q - 2 scrolls of magic mapping {unknown}
 Y - a scroll of noise
Potions
 d - 5 potions of flight
 e - a potion of might
 f - a potion of cancellation {unknown}
 i - a potion of haste
 l - 3 potions of brilliance
 m - 10 potions of degeneration
 r - 4 potions of heal wounds
 v - 7 potions of curing
 w - a potion of berserk rage
 z - 2 potions of ambrosia {unknown}
 C - a potion of magic
 R - 3 potions of resistance
 V - 3 potions of stabbing
Miscellaneous
 x - a tin of tremorstones (3/3)
 F - a phial of floods
 U - 3 phantom mirrors
Comestibles
 c - 49 rations
 I - 6 chunks of flesh


   Skills:
 - Level 10.0 Fighting
 - Level 4.0 Armour
 - Level 6.0 Dodging
 - Level 1.7 Stealth
 + Level 14.6 Shields
 - Level 14.0 Unarmed Combat
 - Level 8.0 Spellcasting
 - Level 6.0 Ice Magic
 - Level 10.0 Invocations


You had 26 spell levels left.
You knew the following spells:

 Your Spells              Type           Power        Failure   Level  Hunger
a - Freeze                Ice            ####         1%          1    None
b - Frozen Ramparts       Ice            ######       1%          3    None

Your spell library contained the following spells:

 Spells                   Type           Power        Failure   Level  Hunger
 Ozocubu's Armour         Chrm/Ice       ####....     7%          3    None
 Infusion                 Chrm           #...         9%          1    None
 Magic Dart               Conj           #...         9%          1    None
 Summon Butterflies       Summ           #.......     9%          1    None
 Blink                    Tloc           N/A          12%         2    None
 Searing Ray              Conj           #.....       12%         2    None
 Shroud of Golubria       Chrm/Tloc      #.....       12%         2    None
 Song of Slaying          Chrm           #.......     12%         2    None
 Call Canine Familiar     Summ           #.......     24%         3    None
 Dazzling Flash           Conj/Hex       #.....       24%         3    None
 Gell's Gravitas          Tloc           #.........   24%         3    None
 Lesser Beckoning         Tloc           #.........   24%         3    None
 Spectral Weapon          Hex/Chrm       #.......     24%         3    None
 Teleport Other           Tloc           #.......     24%         3    None
 Hailstorm                Conj/Ice       ####....     24%         4    ###....
 Ice Form                 Ice/Tmut       ####....     24%         4    ###....
 Summon Ice Beast         Ice/Summ       ####....     24%         4    ###....
 Metabolic Englaciation   Hex/Ice        ####......   54%         5    #####..
 Fulminant Prism          Conj/Hex       #.........   63%         4    ###....
 Iskenderun's Mystic Bla  Conj/Tloc      #.......     63%         4    ###....
 Passage of Golubria      Tloc           N/A          63%         4    ###....
 Ozocubu's Refrigeration  Ice            ######....   71%         6    ######.
 Summon Mana Viper        Hex/Summ       #.......     92%         5    #####..
 Simulacrum               Ice/Necr       ####......   98%         6    ######.
 Freezing Cloud           Conj/Ice/Air   ####......   99%         6    ######.
 Summon Hydra             Summ           #.........   100%        7    #######


Dungeon Overview and Level Annotations

Branches:
Dungeon (14/15)            Temple (0/1) D:7            Lair (6/6) D:10
 Shoals (0/4) Lair:2        Snake (0/4) Lair:4        Slime (0/5) Lair:6
    Orc (0/2) D:12          IceCv (visited)
 Vaults: D:13-14

Altars:
Elyvilon
Gozag
Qazlal
Ru
Uskayaw
Beogh

Shops:
D:6 !   D:7 *

Annotations:
D:7 3 runed translucent doors, IHuginn's ghost, novice TrBe
Lair:3 exclusion: 2 oklob plants


Innate Abilities, Weirdness & Mutations

You have very sharp fingernails.
You are completely covered in large bone plates. (SH +8)
A weak demonic guardian rushes to your aid.
When hurt, damage is shared between your health and your magic reserves.
You regenerate magic rapidly.
When low on magic, you restore magic in place of health.
You possess an exceptional clarity of mind.


Message History

The minotaur throws a silver javelin.
The silver javelin pierces through you!!
The silver sears you!
The minotaur throws a silver javelin.
The silver javelin pierces through you! The silver sears you!
The minotaur throws a silver javelin.
The silver javelin pierces through you!!
* * * LOW HITPOINT WARNING * * *
The silver sears you!
* * * LOW HITPOINT WARNING * * *
Okay, then.
Unknown command.
Unknown command.
As you read the scroll of fear, it crumbles to dust.
You assume a fearsome visage.
Your white imp is unaffected.
Your quasit is unaffected.
The minotaur resists with almost no effort.
The minotaur throws a silver javelin.
The silver javelin pierces through you!!
You die...

#≈≈ ## #.≈.### #####. .
#.≈...#######..... ≈≈..
#.≈...((......###.
.....≈≈≈≈≈.#####.≈.###.(.....###.
....≈≈≈≈≈....(.)≈≈.# ##..........
...≈.≈≈≈≈≈≈.(≈≈≈≈..####.#######..
...≈≈≈≈..≈≈≈≈≈≈≈)(.##...# ##.
≈(≈≈≈......≈5...@(.#..##########.
≈.≈....###H....5..............#..
≈≈.....#.#..........(#........#..
.((....#.#..........##...........
..)....#.#....(....(.#...........
.......#'#...(.........<......)#.
...........##'###..##............
...........#..†.#..##.........#.#
...........#..###..##.........#.#


You could see a minotaur, a friendly quasit (summoned) and a friendly white imp
(summoned).

Vanquished Creatures
  Jorgrun (D:13)
  A frost giant (IceCv)
  A merfolk avatar (Lair:6)
  9 hydras
  4 centaur warriors
  Erica (D:10)
  6 two-headed ogres
  An ogre mage (D:13)
  14 death yaks
  A wizard (D:14)
  5 unseen horrors
  A harpy (Lair:6)
  An orc knight (D:11)
  A wolf spider zombie (D:14)
  5 ugly things
  Maurice (D:13)
  4 cyclopes
  A manticore (Lair:6)
  3 black mambas
  6 elephants (Lair:6)
  4 molten gargoyles (D:11)
  14 spiny frogs
  A centaur skeleton (D:11)
  Maggie (D:10)
  2 gargoyles
  7 yaktaurs (D:14)
  4 rime drakes
  9 komodo dragons
  4 trolls
  5 hornets
  20 polar bears
  3 meliai
  A queen bee (Lair:3)
  5 slime creatures (D:13)
  12 blink frogs
  A harpy skeleton (D:14)
  7 hippogriffs
  A water elemental (D:14)
  4 hogs (D:9)
  57 yaks
  A wraith (D:11)
  Eustachio (D:6)
  A fire elemental (D:11)
  4 wyverns
  2 basilisks
  A human (D:9)
  A hungry ghost (D:13)
  A steam dragon (D:14)
  2 vampire mosquitoes (D:14)
  2 nagas (Lair:4)
  An acid dragon (D:14)
  Duvessa (D:6)
  13 water moccasins
  8 porcupines
  3 ice beasts
  2 sky beasts
  3 black bears
  4 orc warriors
  A swamp drake (D:12)
  4 phantoms
  46 wolves
  6 ogres
  13 centaurs
  12 crocodiles
  15 bullfrogs
  A gnoll sergeant (D:6)
  A wyvern skeleton (D:13)
  A scorpion (D:8)
  Dowan (D:6)
  27 killer bees
  15 wights
  3 electric eels
  4 centaur zombies
  7 howler monkeys
  3 crimson imps
  A lava snake (D:11)
  4 jellies
  5 orc wizards
  4 orc priests
  10 hounds
  3 bullfrog skeletons
  A gnoll shaman (D:5)
  4 iguanas
  11 worker ants
  A hound zombie (D:4)
  A worker ant zombie (D:5)
  A howler monkey skeleton (D:8)
  26 gnolls
  A river rat (D:10)
  5 adders
  3 shadow imps
  An adder skeleton (D:4)
  An adder zombie (D:9)
  A worm (D:2)
  2 dart slugs
  4 leopard geckos
  56 orcs
  A ball python (D:5)
  5 giant cockroaches
  10 hobgoblins
  5 jackals
  7 kobolds
  4 quokkas
  A ball python skeleton (D:4)
  4 bats
  9 frilled lizards
  9 goblins
  A jackal zombie (D:6)
  A leopard gecko skeleton (D:5)
  A leopard gecko zombie (D:7)
  2 quokka skeletons (D:4)
  8 rats
654 creatures vanquished.

Vanquished Creatures (collateral kills)
  Snorg (D:13)
  A hydra (Lair:3)
  A sea snake (Lair:5)
  2 ugly things
  A gargoyle (D:5)
  A komodo dragon (Lair:2)
  A meliai (D:13)
  A wyvern (D:10)
  6 yaks
  A hungry ghost (D:11)
  A naga (Lair:4)
  An ice beast (D:7)
  A black bear (D:8)
  An eye of draining (D:11)
  2 centaurs (D:12)
  An ogre (D:11)
  2 wolves
  A crocodile (Lair:6)
  A big kobold (D:7)
  A water moccasin skeleton (D:7)
  A killer bee (Lair:3)
  A howler monkey (D:7)
  A hound (D:10)
  A bullfrog skeleton (D:12)
  A worker ant (D:2)
  A hound zombie (D:5)
  An adder (D:4)
  An ooze (D:5)
  A dart slug (D:2)
  2 orcs
  A kobold (D:7)
  A quokka (D:7)
  A bat (D:2)
  A jackal skeleton (D:5)
43 creatures vanquished.

Vanquished Creatures (others)
  A polar bear (IceCv)
  2 yaks (IceCv)
  2 wolves (IceCv)
  2 gnolls (D:14)
  A bush (Lair:6)
  12 fungi
  20 plants (Lair:6)
40 creatures vanquished.

Grand Total: 737 creatures vanquished

Notes
Turn   | Place    | Note
-------+----------+-------------------------------------------
     0 | D:1      | MisterFreud the Demonspawn Ice Elementalist began the quest
                  | for the Orb.
     0 | D:1      | Reached XP level 1. HP: 13/13 MP: 3/3
   361 | D:1      | Reached skill level 1 in Fighting
   747 | D:1      | Gained mutation: A weak demonic guardian rushes to your
                  | aid. [demonic ancestry]
   747 | D:1      | Reached XP level 2. HP: 22/22 MP: 0/5
  1439 | D:2      | Found a stormy altar of Qazlal.
  1551 | D:2      | Gained mutation: When hurt, damage is shared between your
                  | health and your magic reserves. [demonic ancestry]
  1551 | D:2      | Reached XP level 3. HP: 28/28 MP: 4/6
  1907 | D:2      | Learned a level 3 spell: Frozen Ramparts
  2379 | D:2      | Gained mutation: You are partially covered in large bone
                  | plates. (SH +4) [demonic ancestry]
  2379 | D:2      | Reached XP level 4. HP: 28/35 MP: 2/7
  2967 | D:3      | Reached skill level 5 in Unarmed Combat
  2967 | D:3      | Reached skill level 5 in Ice Magic
  2967 | D:3      | Reached XP level 5. HP: 36/47 MP: 6/12
  2968 | D:3      | Reached skill level 5 in Dodging
  2968 | D:3      | Reached XP level 6. HP: 41/53 MP: 6/15
  3276 | D:3      | Found an opulent altar of Gozag.
  3916 | D:4      | Reached XP level 7. HP: 56/59 MP: 11/16
  4617 | D:4      | You fall into a shaft and drop 3 floors!
  4619 | D:7      | Found a runed translucent gate.
  4619 | D:7      | Found a runed translucent gate.
  4619 | D:7      | Identified the +3 plate armour "Reuphij" {rF+ Str+2 Dex+9
                  | Slay-6}
  4619 | D:7      | Noticed IHuginn's ghost (novice TrBe)
  4620 | D:7      | Found a runed translucent gate.
  4622 | D:7      | Found a roughly hewn altar of Beogh.
  5081 | D:6      | Reached XP level 8. HP: 67/67 MP: 14/17
  5114 | D:6      | Found Xuusys's Distillery.
  5123 | D:6      | Bought a potion of heal wounds for 50 gold pieces
  5127 | D:5      | Entered Level 5 of the Dungeon
  5356 | D:5      | Found a sacrificial altar of Ru.
  5356 | D:5      | Found a white marble altar of Elyvilon.
  5556 | D:5      | Noticed a gargoyle
  5568 | D:5      | Killed a gargoyle
  5815 | D:5      | Found a hide-covered altar of Uskayaw.
  5821 | D:5      | Became a worshipper of Uskayaw the Reveler
  5873 | D:5      | Reached * piety under Uskayaw
  5876 | D:5      | Reached ** piety under Uskayaw
  6745 | D:6      | Noticed Dowan
  6746 | D:6      | Noticed Duvessa
  6752 | D:6      | Killed Dowan
  6752 | D:6      | Reached *** piety under Uskayaw
  6760 | D:6      | Reached **** piety under Uskayaw
  6761 | D:6      | Killed Duvessa
  6761 | D:6      | Gained mutation: You have sharp fingernails. [demonic
                  | ancestry]
  6761 | D:6      | Reached XP level 9. HP: 63/72 MP: 14/19
  6769 | D:6      | Reached ***** piety under Uskayaw
  6776 | D:6      | Noticed Eustachio
  6802 | D:6      | Killed Eustachio
  7171 | D:7      | Found a staircase to the Ecumenical Temple.
  7306 | D:7      | Reached skill level 1 in Shields
  7644 | D:7      | Found Lom Oshephae's Assorted Antiques.
  7681 | D:7      | Bought a scroll labeled NIXOSO VOYLUE for 29 gold pieces
  8544 | D:8      | Reached ****** piety under Uskayaw
  8749 | D:8      | Noticed a troll
  8757 | D:8      | Killed a troll
  9032 | D:9      | Reached skill level 1 in Invocations
  9032 | D:9      | Gained mutation: You regenerate magic rapidly. [demonic
                  | ancestry]
  9032 | D:9      | Reached XP level 10. HP: 47/80 MP: 7/20
  9997 | D:10     | Entered Level 10 of the Dungeon
 10206 | D:10     | Killed Erica
 10544 | D:10     | Found a staircase to the Lair.
 10572 | D:10     | Noticed Maggie
 10588 | D:10     | Killed Maggie
 11236 | D:11     | Killed an unseen horror
 11560 | D:11     | Gained mutation: When low on magic, you restore magic in
                  | place of health. [demonic ancestry]
 11560 | D:11     | Reached XP level 11. HP: 75/86 MP: 18/22
 11630 | D:11     | Reached skill level 5 in Shields
 11657 | D:11     | Noticed a purple ugly thing
 11660 | D:11     | Noticed a green ugly thing
 11660 | D:11     | Noticed an orc knight
 11669 | D:11     | Killed a green ugly thing
 11674 | D:11     | Killed an orc knight
 11674 | D:11     | Reached skill level 5 in Invocations
 11679 | D:11     | Killed a green ugly thing
 12233 | D:11     | Got a warped robe
 12234 | D:11     | Identified the cursed +1 robe of the Sea {rElec Regen+}
                  | (You found it on level 11 of the Dungeon)
 12249 | D:11     | Noticed a two-headed ogre
 12257 | D:11     | Killed a two-headed ogre
 13339 | Lair:1   | Entered Level 1 of the Lair of Beasts
 13588 | Lair:1   | Reached XP level 12. HP: 63/92 MP: 18/24
 14140 | Lair:1   | Noticed a four-headed hydra
 14163 | Lair:1   | Killed a four-headed hydra
 14481 | Lair:2   | Noticed a six-headed hydra
 14498 | Lair:2   | Killed a six-headed hydra
 14660 | Lair:2   | Reached skill level 10 in Unarmed Combat
 15173 | Lair:2   | Found a staircase to the Shoals.
 15762 | Lair:3   | Noticed an eight-headed hydra
 15776 | Lair:3   | Killed an eight-headed hydra
 15910 | Lair:3   | Got a heavily runed sapphire amulet
 16413 | Lair:3   | Reached skill level 10 in Shields
 16434 | Lair:3   | Reached skill level 10 in Invocations
 16912 | Lair:4   | Noticed a five-headed hydra
 16918 | Lair:4   | Noticed a seven-headed hydra
 16928 | Lair:4   | Killed a five-headed hydra
 16932 | Lair:4   | Gained mutation: You have very sharp fingernails. [demonic
                  | ancestry]
 16932 | Lair:4   | Reached XP level 13. HP: 45/99 MP: 18/25
 17105 | Lair:4   | Found a staircase to the Snake Pit.
 18041 | Lair:5   | Identified the amulet "Sidinufuyl" {Reflect rElec Int+2
                  | SH+5} (You found it on level 3 of the Lair of Beasts)
 18862 | Lair:6   | Entered Level 6 of the Lair of Beasts
 19149 | Lair:6   | Found a staircase to the Slime Pits.
 19354 | Lair:6   | Reached skill level 10 in Fighting
 19724 | Lair:6   | Gained mutation: You are mostly covered in large bone
                  | plates. (SH +6) [demonic ancestry]
 19724 | Lair:6   | Reached XP level 14. HP: 82/110 MP: 26/26
 20552 | D:12     | Found a sacrificial altar of Ru.
 20873 | D:12     | Found a staircase to the Orcish Mines.
 21365 | D:13     | Noticed Maurice
 21443 | D:13     | Found a frozen archway.
 21500 | IceCv    | Entered an ice cave
 21980 | IceCv    | Noticed a frost giant
 22000 | IceCv    | Killed a frost giant
 22079 | IceCv    | Got a heavily runed ring mail
 22080 | IceCv    | Identified the +2 ring mail of Day {MR+ Int+4} (You found
                  | it in an ice cave)
 22160 | D:13     | Reached XP level 15. HP: 71/115 MP: 17/27
 22537 | D:13     | Noticed Snorg
 22554 | D:13     | Killed Snorg
 22719 | D:13     | Noticed Jorgrun
 22727 | D:13     | Gained mutation: You are completely covered in large bone
                  | plates. (SH +8) [potion of mutation]
 22727 | D:13     | Gained mutation: You possess an exceptional clarity of
                  | mind. [potion of mutation]
 22732 | D:13     | Killed Jorgrun
 22763 | D:13     | Killed Maurice
 24104 | D:14     | Hit by a silver javelin thrown by a minotaur

Illustrated notes

Levels and vault maps discovered:
D:1:      dpeg_cavernosity, layout_basic
D:2:      layout_loops_ring, nicolae_qazlal_general_emergency
D:3:      layout_basic, nicolae_overflow_crystal_walls,
          chequers_serial_rivers_room_a
D:4:      layout_rooms, serial_co_window_serial, co_window_of_opportunity_a,
          co_window_paths_a, co_window_paths_b, co_window_of_opportunity_a,
          co_window_paths_b, co_window_corner_a, co_window_corner_b,
          co_window_broadway_a, co_window_broadway_b, co_window_paths_c,
          glass_columns_a, glass_columns_b
D:5:      layout_basic, eat_drink_and_be_merry_uskayaw,
          grunt_temple_overflow_open, first_ration, grunt_ministairs_13,
          serial_park_tiny_1
D:6:      layout_basic, serial_shops, shop, st_stairs_8, uniq_duvessa,
          uniq_eustachio
D:7:      layout_rooms, minmay_temple_entry_statues_pillars, serial_shops,
          nicolae_shop_overgrown_old_shop, biasface_ghost_orc_armoury
D:8:      layout_basic
D:9:      layout_long_grid, grunt_livestock, serial_park_tiny_pond
D:10:     layout_basic, erik_lair_island, uniq_maggie, uniq_erica
D:11:     hangedman_cross_cluster, layout_stronghold, serial_rivers,
          chequers_serial_rivers_small_b, chequers_serial_rivers_large_a,
          chequers_serial_rivers_micro_b, chequers_serial_rivers_micro_e,
          chequers_serial_rivers_micro_a, minivault_8
D:12:     layout_cave_pools, erik_orc_1, minmay_misc_feat_rows,
          nicolae_ru_path_of_blood
D:13:     layout_cave_pools, enter_bailey_2, portal_ice_cave_entry_pillars_1,
          chequers_serial_rivers_marsh, chequers_serial_rivers_room_a,
          chequers_serial_rivers_room_b, skrybe_limestone_x, serial_park_tiny_1,
          st_stairs_7, uniq_jorgrun, uniq_maurice, uniq_snorg
D:14:     fort_yaktaur, layout_rooms, skrybe_vaults_entry_preservation,
          nicolae_lava_and_water
Lair:1:   layout_roguey, minmay_holes, chequers_serial_rivers_large_b,
          nicolae_quartered_pool_medium
Lair:2:   layout_regular_city, elwin_shoals_entry_rocks, serial_bayou_pond_a
Lair:3:   layout_cave_pods, special_room [special_room_bee], lemuel_fruit_tree,
          infiniplex_staircase_pool_2, minmay_lair_oklob_chamber
Lair:4:   layout_cave_pods, guppyfry_snake_entry_garden
Lair:5:   layout_concentric_octagons, minivault_26, infiniplex_staircase_pool,
          serial_bayou_shore_a, lemuel_fruit_fields
Lair:6:   gammafunk_lair_ancient_temple, layout_misc_corridors, slime_dummy,
          grunt_forest_large_clearings

Skill      XL: |  1  2  3  4  5  6  7  8  9 10 11 12 13 14 15 |
---------------+----------------------------------------------+-----
Fighting       | 1 2 3 6 7 8 10 | 10.0
Ice Magic      | 5 6 |  6.0
Dodging        | 4 5 6 |  6.0
Unarmed Combat | 5 6 7 8 9 10 11 13 14 | 14.0
Spellcasting   | 4 6 7 8 |  8.0
Armour         | 3 4 |  4.0
Shields        | 2 4 7 10 11 13 14 | 14.6
Invocations    | 1 4 7 10 | 10.0
Stealth        | |  1.7

Action                   |  1- 3 |  4- 6 |  7- 9 | 10-12 | 13-15 || total
-------------------------+-------+-------+-------+-------+-------++-------
Melee: Whip              |    45 |       |       |       |       ||    45
       Hand axe          |     8 |    20 |       |       |       ||    28
       Unarmed           |       |    30 |   307 |   535 |   748 ||  1620
       Punch             |       |     2 |     6 |       |       ||     8
 Cast: Freeze            |    29 |       |     2 |       |       ||    31
       Frozen Ramparts   |       |     9 |    29 |    50 |    73 ||   161
Invok: Grand Finale      |       |       |       |     1 |     4 ||     5
Evoke: Wand              |       |       |       |     9 |     6 ||    15
  Use: Scroll            |       |     6 |     1 |     7 |    10 ||    24
       Potion            |       |     2 |       |     2 |     5 ||     9
 Stab: Sleeping          |     2 |     2 |     6 |     5 |     3 ||    18
       Distracted        |       |       |     1 |     3 |     3 ||     7
       Paralysed         |       |       |     2 |    38 |    77 ||   117
       Confused          |       |       |       |       |     1 ||     1
  Eat: Chunk             |     5 |     5 |    17 |    23 |    21 ||    71
       Ration            |       |       |       |     1 |     2 ||     3
Armor: Robe              |    16 |     6 |    20 |    23 |    57 ||   122
       Skin              |       |       |       |       |    11 ||    11
Dodge: Dodged            |    45 |    29 |   157 |   205 |   255 ||   691
Block: Other             |       |     9 |    42 |       |       ||    51
       Buckler           |       |       |    26 |   367 |   351 ||   744
       Reflection        |       |       |       |     8 |    44 ||    52
       Kite shield       |       |       |       |       |   334 ||   334
